 Dungeon Crawl Stone Soup version 0.16.0-12-g7215832 (webtiles) character file.

94 HungrySpirit the Sneak (level 4, -2/23 HPs)
             Began as a Vine Stalker Assassin on Mar 18, 2015.
             Slain by a giant frog (3 damage)
             ... in a sewer.
             The game lasted 00:03:38 (1405 turns).

HungrySpirit the Sneak (Vine Stalker Assassin)      Turns: 1405, Time: 00:03:39

Health: -2/23      AC:  3    Str: 14    XL:     4   Next: 63%
Magic:  0/5        EV: 11    Int: 11    God:
Gold:   126        SH:  0    Dex: 16    Spells: 0 memorised, 3 levels left

rFire  . . .     SeeInvis .     q - +1 hand axe (elec)
rCold  . . .     Clarity  .     c - +0 robe
rNeg   . . .     SustAb   .     (no shield)
rPois  .         Gourm    .     (no helmet)
rElec  .         Spirit   +     d - +0 cloak
rCorr  .         Warding  .     (no gloves)
rMut   .         Stasis   .     (no boots)
MR     .....                    (no amulet)
Stlth  +++.......               (no ring)
                                (no ring)

@: not resistant to hostile enchantments, fairly stealthy
A: fangs 2, regeneration 1, magic shield, antimagic bite, no device heal 3, rot
immunity
a: no special abilities


You were in a sewer.
You were hungry.

You visited 1 branch of the dungeon, and saw 3 of its levels.
You also visited: Sewer.

You collected 126 gold pieces.

Inventory:

Hand weapons
 a - a +2 dagger
 b - a +0 blowgun
 q - a +1 hand axe of electrocution (weapon)
Missiles
 e - 8 poisoned needles
 f - 2 curare-tipped needles
Armour
 c - a +0 robe (worn)
 d - a +0 cloak (worn)
Scrolls
 j - 2 scrolls of identify {unknown}
 k - 2 scrolls of enchant weapon {unknown}
 l - a scroll of noise {unknown}
 p - a scroll of recharging {unknown}
 s - a scroll of immolation {unknown}
 v - a scroll of enchant armour {unknown}
Potions
 h - a potion of brilliance {unknown}
 i - a potion of agility {unknown}
 n - a potion of might {unknown}
 r - a potion of haste {unknown}
 u - a potion of magic {unknown}
Comestibles
 g - 2 bread rations
 m - a beef jerky
 o - a slice of pizza
 t - a meat ration


   Skills:
 + Level 2.1 Fighting
 - Level 2.6 Short Blades
 * Level 1.5 Axes
 - Level 1.7 Throwing
 - Level 0.7 Dodging
 + Level 5.9 Stealth


You had 3 spell levels left.
You didn't know any spells.

Dungeon Overview and Level Annotations

Branches:
Dungeon (3/15)

Altars:


Innate Abilities, Weirdness & Mutations

You have extremely sharp teeth.
Your natural rate of healing is unusually fast.
When hurt, damage is shared between your health and your magic reserves.
Your bite disrupts and absorbs the magic of your enemies.
Potions and wands cannot restore your health.
You are immune to rotting.


Message History

The giant frog is lightly wounded.
The giant frog closely misses you. The giant frog hits you.
You hit the giant frog! You bite the giant frog. You drain its power.
You feel invigorated.
The giant frog is almost dead.
You hit the giant frog.
The giant frog is lightly wounded.
The giant frog completely misses you. The giant frog hits you!
* * * LOW HITPOINT WARNING * * *
The giant frog hits you.
* * * LOW HITPOINT WARNING * * *
Unknown command.
You hit the giant frog.
The giant frog is almost dead.
You barely miss the giant frog.
The giant frog is lightly wounded.
The giant frog misses you. The giant frog hits you.
* * * LOW HITPOINT WARNING * * *
The giant frog hits you.
You die...

#.≈≈≈.# ######## #.≈≈≈ #.≈≈≈≈#
####≈≈≈≈≈≈### #.≈≈≈
#.≈≈≈≈####≈≈≈≈≈≈≈≈≈≈≈≈# #≈≈≈≈
#†≈≈≈≈##≈≈≈≈≈≈≈≈≈≈≈≈≈≈≈# #≈≈≈≈
#.≈≈≈≈#≈≈≈≈∩≈≈≈≈≈≈≈≈≈≈≈≈ #≈≈≈≈
#≈≈≈≈≈≈≈≈≈≈...≈≈.≈≈≈≈≈≈≈ #≈≈≈≈
#≈≈≈≈≈≈≈≈≈≈≈≈.≈.}.≈≈≈≈≈≈≈# #≈≈≈≈
#≈≈≈≈≈≈≈≈≈≈≈...?FF.≈≈≈≈≈≈# #≈≈≈≈
#≈≈≈≈≈≈≈≈≈≈≈...≈@.≈≈≈≈≈≈≈# #≈≈≈≈
#≈≈≈≈≈≈≈≈≈≈.≈≈.≈≈≈≈≈≈≈≈≈≈# #.≈≈≈
#.≈≈≈≈≈≈≈≈≈≈..≈≈≈≈≈≈≈≈≈≈# #.≈≈≈
#.≈≈≈.≈≈≈≈≈≈≈≈≈≈≈≈≈≈≈≈≈≈# #≈≈≈≈
#.≈≈≈.≈≈≈≈≈≈≈≈≈≈≈≈≈≈≈≈#######≈≈≈≈
#.≈≈≈≈..≈≈≈≈≈≈≈≈≈≈.........≈†.≈≈≈
#.≈≈≈≈≈≈≈≈≈≈≈≈≈≈≈≈≈≈≈≈≈≈≈≈≈≈≈≈≈≈≈
#.≈≈≈≈≈≈≈≈≈≈≈≈≈≈≈≈≈≈≈≈≈≈≈≈≈≈≈≈≈≈≈
#..≈≈≈≈≈≈≈≈≈≈≈≈≈≈≈≈≈≈≈≈≈≈≈≈≈≈≈≈≈≈


You could see 2 giant frogs.

Vanquished Creatures
  2 adders (Sewer)
  3 giant mites (Sewer)
  A worm (D:2)
  3 giant geckos
  7 bats (D:1)
  5 giant cockroaches
  6 goblins
  5 hobgoblins
  5 kobolds
  A ball python (Sewer)
  4 giant newts
  4 jackals (D:2)
  9 rats
55 creatures vanquished.

Notes
Turn   | Place    | Note
--------------------------------------------------------------
     0 | D:1      | HungrySpirit, the Vine Stalker Assassin, began the quest for the Orb.
     0 | D:1      | Reached XP level 1. HP: 11/11 MP: 1/1
     8 | D:1      | Reached skill level 5 in Stealth
    59 | D:1      | Reached XP level 2. HP: 15/15 MP: 3/3
   514 | D:1      | Reached XP level 3. HP: 18/18 MP: 4/4
  1223 | D:3      | Found a glowing drain.
  1227 | Sewer    | Entered a sewer
  1238 | Sewer    | Reached skill level 1 in Axes
  1250 | Sewer    | Reached XP level 4. HP: 23/23 MP: 3/5
  1399 | Sewer    | Noticed a giant frog
  1400 | Sewer    | Noticed a giant frog
  1405 | Sewer    | HP: 1/23 [giant frog (1)]
  1405 | Sewer    | Slain by a giant frog

Action                   |  1- 3 |  4- 6 || total
-------------------------+-------+-------++-------
Melee: Dagger            |    15 |       ||    15
       Whip              |    25 |       ||    25
       Hand axe          |    32 |    15 ||    47
 Stab: Sleeping          |     8 |     1 ||     9
       Distracted        |     1 |       ||     1
  Eat: Chunk             |     1 |       ||     1
